 Dungeon Crawl Stone Soup version 0.27.1-2-g3b301248ec (console) character file.

Game seed: 16563518082428731240

3084 lamer6 the Spear-Bearer (level 9, -3/82 HPs)
             Began as a Minotaur Fighter on Oct 3, 2021.
             Was a Follower of Ru.
             Slain by an eight-headed hydra (10 damage)
             ... on level 8 of the Dungeon.
             The game lasted 00:19:41 (7671 turns).

lamer6 the Spear-Bearer (Minotaur Fighter)          Turns: 7671, Time: 00:19:42

Health: -3/82      AC: 14    Str: 28    XL:     9   Next: 58%
Magic:  8/8        EV: 12    Int:  5    God:    Ru [*.....]
Gold:   505        SH: 17    Dex: 15    Spells: 8/8 levels left

rFire    . . .     SeeInvis .   a - +0 trident (venom)
rCold    . . .     Faith    .   c - +0 kite shield
rNeg     . . .     Spirit   .   E - +0 chain mail
rPois    .         Reflect  +   x - +1 hat
rElec    .         Harm     .   r - +0 cloak
rCorr    .         Rampage  .   q - +0 pair of gloves {Dex+3}
Will     .....                  (no boots)
Stlth    ..........             M - amulet of reflection
HPRegen  0.23/turn              D - +6 ring of strength
MPRegen  0.11/turn              s - +4 ring of evasion

@: flying
A: horns 2, weak-willed 1, retaliatory headbutt
a: Renounce Religion


You were on level 8 of the Dungeon.
You worshipped Ru.
Ru was aware of your devotion.
You visited 2 branches of the dungeon, and saw 9 of its levels.

You collected 505 gold pieces.

Inventory:

Hand Weapons
 a - a +0 trident of venom (weapon)
Missiles
 b - 203 stones (quivered)
 g - 66 poisoned darts
 k - 10 boomerangs
 J - a curare-tipped dart
Armour
 c - a +0 kite shield (worn)
 q - a +0 pair of gloves of dexterity (worn)
 r - a +0 cloak (worn)
 w - the +1 leather armour "Luvias" {rF++ rN+ Stlth+}
   (You found it on level 3 of the Dungeon)

   rF:        It greatly protects you from fire.
   rN:        It protects you from negative energy.
   Stlth:     It makes you more stealthy.
 x - a +1 hat (worn)
 E - a +0 chain mail (worn)
Jewellery
 l - a ring of flight
 s - a +4 ring of evasion (right hand)
 u - a +6 ring of intelligence
 D - a +6 ring of strength (left hand)
 M - an amulet of reflection (around neck)
 N - a ring of poison resistance
Wands
 v - a wand of iceblast (26)
 C - a wand of flame (9)
 K - a wand of charming (14)
 O - a wand of paralysis (10)
Scrolls
 f - 8 scrolls of identify {unknown}
 h - a scroll of fear {unknown}
 i - a scroll of magic mapping {unknown}
 j - 2 scrolls of blinking {unknown}
 m - 4 scrolls of teleportation {unknown}
 p - a scroll of noise {unknown}
 y - a scroll of torment {unknown}
 B - 5 scrolls of enchant weapon {unknown}
 F - a scroll of fog {unknown}
 G - a scroll of enchant armour {unknown}
Potions
 d - a potion of might
 e - 2 potions of ambrosia {unknown}
 n - 6 potions of curing {unknown}
 o - a potion of lignification {unknown}
 t - a potion of heal wounds {unknown}
 z - a potion of degeneration {unknown}
 A - a potion of mutation {unknown}
 I - 2 potions of attraction {unknown}


   Skills:
 + Level 8.4 Fighting
 + Level 8.5 Polearms
 + Level 2.4 Throwing
 + Level 8.4 Armour
 + Level 2.7 Dodging
 + Level 8.4 Shields


You had 8 spell levels left.
You didn't know any spells.
Your spell library contained the following spells:

 Spells                   Type           Power      Damage    Failure   Level
 Animate Skeleton         Necr           0%         N/A       99%         1
 Apportation              Tloc           0%         N/A       99%         1
 Corona                   Hex            0%         N/A       99%         1
 Foxfire                  Conj/Fire      0%         2x1d4     99%         1
 Pain                     Necr           0%         1d4       99%         1
 Summon Small Mammal      Summ           0%         N/A       99%         1
 Ensorcelled Hibernation  Hex/Ice        0%         N/A       100%        2
 Call Canine Familiar     Summ           0%         N/A       100%        3
 Conjure Flame            Conj/Fire      0%         6-21      100%        3
 Inner Flame              Hex/Fire       0%         N/A       100%        3
 Portal Projectile        Hex/Tloc       0%         N/A       100%        3
 Tukima's Dance           Hex            0%         N/A       100%        3
 Vampiric Draining        Necr           0%         2d6       100%        3
 Leda's Liquefaction      Hex/Erth       0%         N/A       100%        4


Dungeon Overview and Level Annotations

Branches:
Dungeon (8/15)             Temple (1/1) D:6
   Lair: D:8-11

Altars:
Ashenzari
Cheibriados
Dithmenos
Elyvilon
Fedhas
Gozag
Hepliaklqana
Kikubaaqudgha
Makhleb
Nemelex Xobeh
Okawaru
Qazlal
Ru
Sif Muna
Trog
Uskayaw
Vehumet
Wu Jian
Xom
Zin
The Shining One

Annotations:
D:7 >
Temple >


Innate Abilities, Weirdness & Mutations

You have a pair of horns on your head.
You are slightly weak-willed. (Will-)
You reflexively headbutt those who attack you in melee.


Message History

The eight-headed hydra closely misses you.
The eight-headed hydra bites you. x2
* * * LOW HITPOINT WARNING * * *
The eight-headed hydra barely misses you.
There is an open door here.
Unknown command.
Okay, then.
Okay, then.
Okay, then.
Unknown command.
Throw: 203 stones
Press: ? - help, Q - select action, (/) - cycle Shift-Dir - straight line, f/p - eight-headed hydra
Aim: an eight-headed hydra (heavily wounded, 81% to hit)
Okay, then.
Okay, then.
Okay, then.
Okay, then.
Okay, then.
It was a potion of flight.
You feel very buoyant.
You fly up into the air.
You block the eight-headed hydra's attack. x2
The eight-headed hydra bites you!
* * * LOW HITPOINT WARNING * * *
You block the eight-headed hydra's attack.
The eight-headed hydra bites you but does no damage.
You block the eight-headed hydra's attack.
The eight-headed hydra closely misses you.
The eight-headed hydra misses you.
Okay, then.
As you read the scroll labelled YTIOCK IRETT, it crumbles to dust.
It is a scroll of amnesia.
You feel forgetful for a moment.
The eight-headed hydra barely misses you.
The eight-headed hydra bites you but does no damage. x2
You block the eight-headed hydra's attack. x2
The eight-headed hydra bites you!
* * * LOW HITPOINT WARNING * * *
The eight-headed hydra bites you!
You die...

########### #..........
#.######### #.#
############.#########
#.D.D@................
####'##########......####
#.........##########.#
#................. #.#
#..........######. #.#
#.......D..# #.####
#..........# #.....
#..........# ######
####....##.######. ####
#>............. ....
#....##.######. ....


You could see an eight-headed hydra and a steam dragon.

Vanquished Creatures
  A hornet (D:8)
  Grinder (D:5)
  A shadow (D:8)
  A steam dragon (D:6)
  2 sky beasts
  An ice beast (D:7)
  3 ogres (D:5)
  5 centaurs
  A kobold brigand (D:7)
  3 bullfrogs
  2 scorpions
  A water moccasin zombie (D:5)
  2 water moccasin skeletons (D:5)
  3 howler monkeys (D:7)
  A centaur zombie (D:5)
  2 bullfrog zombies (D:5)
  2 centaur skeletons
  A hound (D:6)
  4 bullfrog skeletons
  A scorpion zombie (D:5)
  2 gnoll shamans
  2 iguanas
  2 orc wizards
  Ijyb (D:3)
  2 killer bee zombies (D:7)
  A hound zombie (D:5)
  A howler monkey zombie (D:5)
  14 gnolls
  3 adders
  A howler monkey skeleton (D:6)
  2 shadow imps (D:5)
  2 adder zombies (D:5)
  An adder skeleton (D:4)
  A worm (D:3)
  A dart slug (D:1)
  6 orcs
  4 ball pythons
  4 endoplasms
  12 goblins
  6 hobgoblins
  7 jackals
  12 kobolds
  2 quokkas
  5 bats
  2 frilled lizards
  2 rats (D:1)
136 creatures vanquished.

Notes
Turn   | Place    | Note
-------+----------+-------------------------------------------
     0 | D:1      | lamer6 the Minotaur Fighter began the quest for the Orb.
     0 | D:1      | Reached XP level 1. HP: 19/19 MP: 0/0
   176 | D:1      | Reached XP level 2. HP: 27/27 MP: 1/1
  1259 | D:2      | Reached XP level 3. HP: 32/33 MP: 2/2
  1445 | D:2      | Found a faded altar of an unknown god.
  2221 | D:3      | Reached XP level 4. HP: 40/40 MP: 3/3
  2544 | D:3      | Noticed Ijyb
  2559 | D:3      | Killed Ijyb
  2822 | D:4      | Reached XP level 5. HP: 45/47 MP: 4/4
  3025 | D:3      | Identified the +1 leather armour "Luvias" {rF++ rN+ Stlth+}
  3417 | D:4      | Reached skill level 5 in Fighting
  3417 | D:4      | Reached skill level 5 in Polearms
  3417 | D:4      | Reached skill level 5 in Armour
  3417 | D:4      | Reached skill level 5 in Shields
  3417 | D:4      | Reached XP level 6. HP: 56/56 MP: 5/5
  3728 | D:5      | Entered Level 5 of the Dungeon
  3978 | D:5      | Reached XP level 7. HP: 58/61 MP: 6/6
  4667 | D:5      | Noticed Grinder
  4672 | D:5      | Reached XP level 8. HP: 71/71 MP: 7/7
  4674 | D:5      | Paralysed by Grinder for 2 turns
  4685 | D:5      | Killed Grinder
  4954 | D:5      | Found a snail-covered altar of Cheibriados.
  5428 | D:6      | Found a staircase to the Ecumenical Temple.
  5435 | Temple   | Entered the Ecumenical Temple
  5530 | Temple   | Became a worshipper of Ru the Awakened
  5567 | D:6      | Found a white marble altar of Elyvilon.
  5632 | D:6      | Found a blossoming altar of Fedhas.
  6121 | D:7      | Reached XP level 9. HP: 44/81 MP: 8/8
  6424 | D:7      | Reached skill level 1 in Throwing
  6424 | D:7      | Reached skill level 1 in Dodging
  6542 | D:7      | Found a hazy altar of Hepliaklqana.
  6544 | D:7      | Found a sparkling altar of Nemelex Xobeh.
  6544 | D:7      | Found a shadowy altar of Dithmenos.
  6547 | D:7      | Found a bloodstained altar of Trog.
  6681 | D:7      | Found an iron altar of Okawaru.
  6789 | D:7      | Gained mutation: You are slightly weak-willed. (Will-) [Ru
                  | sacrifice]
  6789 | D:7      | Reached * piety under Ru
  7650 | D:8      | Noticed an eight-headed hydra
  7671 | D:8      | Slain by an eight-headed hydra

Illustrated notes

Levels and vault maps discovered:
D:1:      lemuel_arrival_behind_the_door_small, layout_loops_ring,
          minmay_distorted
D:2:      layout_loops_ring, hellmonk_ecumenical_altar_prayer_group,
          hangedman_abyss_or_decor_stabs
D:3:      kennysheep_goblin_castle, layout_basic, uniq_ijyb
D:4:      layout_rooms, grunt_ministairs_4
D:5:      layout_basic, lemuel_doored_altar, serial_undead, serial_undead_c,
          serial_undead_c, serial_undead_a, serial_undead_e, serial_undead_d,
          serial_undead_a, uniq_grinder
D:6:      layout_basic, mainiacjoe_overflow_six_doors_small,
          mainiacjoe_overflow_paths, minmay_temple_entry_arrows
D:7:      layout_rooms, marbit_many_paths, minitemple
D:8:      layout_basic
Temple:   dshaligram_water_room_temple

Skill      XL: |  1  2  3  4  5  6  7  8  9 |
---------------+----------------------------+-----
Fighting       | 4 5 6 7 8 |  8.4
Shields        | 4 5 6 7 8 |  8.4
Armour         | 4 5 6 7 8 |  8.4
Polearms       | 3 4 5 6 7 8 |  8.5
Throwing       | 2 |  2.4
Dodging        | 2 |  2.7

Action                   |  1- 3 |  4- 6 |  7- 9 || total
-------------------------+-------+-------+-------++-------
Melee: Trident           |    92 |   122 |   207 ||   421
       Headbutt          |     9 |    25 |    47 ||    81
Invok: Sacrifice Essence |       |       |     1 ||     1
  Use: Scroll            |       |       |     1 ||     1
       Potion            |       |       |     1 ||     1
Armor: Scale mail        |    35 |    41 |    17 ||    93
       Chain mail        |       |       |    53 ||    53
Dodge: Dodged            |    17 |    67 |    67 ||   151
Block: Kite shield       |    42 |    72 |   114 ||   228
       Reflection        |       |       |     6 ||     6
